 Dungeon Crawl Stone Soup version 0.31-a0-174-g85c54bcb58 (webtiles) character file.

Game seed: 11894553104497356474

1 qw the Shooter (level 1, 0/12 HPs)
             Began as a Gargoyle Hunter on June 15, 2023.
             Slain by Sigmund
             ... wielding a +1 scythe of flaming
              (3 damage)
             ... on level 2 of the Dungeon.
             The game lasted 00:00:02 (27 turns).

qw the Shooter (Gargoyle Hunter)                      Turns: 27, Time: 00:00:03

Health: 0/12       AC:  5    Str: 14    XL:     1   Next: 20%
Magic:  1/1        EV: 11    Int:  9    God:
Gold:   0          SH:  0    Dex: 13    Spells: 0/0 levels left

rFire   . . .        a - +0 shortbow
rCold   . . .        (shield currently unavailable)
rNeg    + . .        c - +0 leather armour
rPois   inf          (no helmet)
rElec   +            (no cloak)
rCorr   .            (no gloves)
SInv    .            (no boots)
Will    .....        (no amulet)
Stlth   +            (no ring)
HPRegen 0.22/turn    (no ring)
MPRegen 0.07/turn

%: no passive effects
@: no status effects
A: sickness immunity, AC +2, negative energy resistance 1, electricity
resistance, torment resistance 1, petrification resistance
a: no special abilities


You were on level 2 of the Dungeon.
You visited 1 branch of the dungeon, and saw 2 of its levels.


Innate Abilities, Weirdness & Mutations

You are immune to sickness and miasma.
Your stone body is resilient. (AC +2)
You are immune to poison.
You resist negative energy. (rN+)
You are resistant to electric shocks. (rElec)
You are resistant to unholy torment.
You are immune to petrification.


   Skills:
 - Level 2.1 Fighting
 + Level 4.0 Ranged Weapons
 - Level 1.5 Dodging
 - Level 1.1 Stealth


You couldn't memorise any spells.
You didn't know any spells.
Your spell library was empty.

Inventory:

Hand Weapons
 a - a +0 shortbow (weapon)
Armour
 c - a +0 leather armour (worn)
Scrolls
 b - a scroll of butterflies
Potions
 d - a potion of berserk rage {unknown}

Dungeon Overview and Level Annotations

Branches:
Dungeon (1/15)

Altars:

Annotations:
D:2 Sigmund


Message History

The kobold throws a stone.
The stone barely misses you.
12 ||| Stepping ~*~*~tactically~*~*~ (outnumbered).
You shoot an arrow. The arrow hits the kobold.
You kill the kobold!
You shoot an arrow. The arrow closely misses Sigmund.
You shoot an arrow. The arrow barely misses Sigmund.
A giant cockroach comes into view.
Sigmund closely misses you.
You shoot an arrow. The arrow hits Sigmund!
Sigmund is moderately wounded.
Sigmund gestures at you while chanting.
You are confused.
Sigmund hits you from afar with a +1 scythe of flaming.
Sigmund burns you.
The giant cockroach bites you but does no damage.
Sigmund closely misses you. The giant cockroach closely misses you.
The giant cockroach closely misses you.
Sigmund screams, "Don't try to resist!"
Sigmund closely misses you. The giant cockroach barely misses you.
You feel less confused.
The giant cockroach bites you but does no damage.
Sigmund casts a spell at you. The puff of flame hits you.
You shoot an arrow. The arrow hits the giant cockroach.
The giant cockroach is lightly wounded.
The giant cockroach barely misses you. Sigmund barely misses you.
The giant cockroach bites you but does no damage.
You shoot an arrow.
The arrow barely misses the giant cockroach.
The giant cockroach closely misses you. Sigmund gestures at you while chanting.
You resist with significant effort.
You shoot an arrow.
The arrow closely misses the giant cockroach.
The giant cockroach completely misses you.
Sigmund hits you from afar with a +1 scythe of flaming!
Ouch! That really hurt!
Sigmund burns you.
You die...

.. .# ### .#
..# ##.# #.#
#..# #.#
#..######
#.####........
#######....B@#
#..(.........#
#.#####.####@#
#.# #.# #.#
#)# #.. ...
... #.# ....
..# #.## ##


You could see Sigmund and a giant cockroach.

Vanquished Creatures
  A kobold (D:2)
1 creature vanquished.

Notes
Turn   | Place    | Note
-------+----------+-------------------------------------------
     0 | D:1      | qw the Gargoyle Hunter began the quest for the Orb.
     0 | D:1      | Reached XP level 1. HP: 12/12 MP: 1/1
     0 | D:1      | 0 ||| qw: Version: 0.2-a-29-g511e9b1
     0 | D:1      | 0 ||| qw: Game counter: 5235
     0 | D:1      | 0 ||| qw: Always use a shield: true
     0 | D:1      | 0 ||| qw: God list: Okawaru
     0 | D:1      | 0 ||| qw: Allow faded altars: false
     0 | D:1      | 0 ||| qw: Do Orc after D:15 true
     0 | D:1      | 0 ||| qw: Do second Lair branch before Depths: true
     0 | D:1      | 0 ||| qw: Lair rune preference: random
     0 | D:1      | 0 ||| qw: Plans: Normal, Zot:1-4, Slime:5, God:TSO, Crypt,
                  | Tomb, Abyss, Pan, Hells, Win
     0 | D:1      | 0 ||| PLANNING D:1-11
     4 | D:1      | You fall into a shaft and drop 1 floor!
     9 | D:2      | Noticed Sigmund
    12 | D:2      | 12 ||| Stepping ~*~*~tactically~*~*~ (outnumbered).
    27 | D:2      | HP: 3/12 [Sigmund/+1 scythe of flaming (7)]
    27 | D:2      | Slain by Sigmund

Levels and vault maps discovered:
D:1:      minmay_arrival_arboretum_large, layout_basic,
          chequers_serial_rivers_micro_e, minmay_misc_feat_five,
          ebering_dispersal_statue_hall, serial_bayou_pond_e,
          minmay_pentomino_u2
D:2:      layout_loops_ring, basic_ecumenical_altar, serial_shops,
          nicolae_shop_statue_plus, uniq_natasha, uniq_crazy_yiuf_cottage,
          uniq_sigmund

Action                     || total
---------------------------++-------
   Fire: Shortbow          ||     9
 Armour: Leather armour    ||     3
  Dodge: Dodged            ||    11

Table legend:
 A = Non-vault XP
 B = Vault XP
 C = Vault XP percentage of total XP
 D = Non-vault monster count
 E = Vault monster count
 F = Vault count percentage of total count
                 A         B        C        D         E       F
            +---------+---------+-------+---------+---------+-------
      Total |       2 |       0 |   0.0 |       1 |       0 |   0.0
            +---------+---------+-------+---------+---------+-------
        D:2 |       2 |       0 |   0.0 |       1 |       0 |   0.0
            +---------+---------+-------+---------+---------+-------
